 Dungeon Crawl Stone Soup version 0.27-a0-1431-gcffa5a9b16 (webtiles) character file.

Game seed: 15483664164166809323

117 freelancePsychic the Magician (level 5, 0/37 HPs)
             Began as a Djinni Enchanter on July 3, 2021.
             Slain by a rat (3 damage)
             ... in a sewer.
             The game lasted 00:06:19 (4217 turns).

freelancePsychic the Magician (Djinni Enchanter)    Turns: 4217, Time: 00:06:20

Health: 0/37       AC:  2    Str: 13    XL:     5   Next: 22%
Gold:   96         EV: 12    Int: 17    God:
                   SH:  5    Dex: 14

rFire    + + +     SeeInvis .   a - +1 dagger
rCold    . . .     Faith    .   (no shield)
rNeg     . . .     Spirit   .   b - +0 robe
rPois    ∞         Reflect  +   (no helmet)
rElec    +         Harm     .   (no cloak)
rCorr    +         Rampage  .   (no gloves)
Will     .....                  (boots unavailable)
Stlth    ++........             d - amulet of reflection
HPRegen  0.12/turn              j - +6 ring of strength
MPRegen  0.00/turn              (no ring)

@: mighty, resistant, flying
A: sickness immunity, fire resistance 2, cold vulnerability 1, float, innate
caster, hp casting, extra vitality 1
a: no special abilities


You were in a sewer.
You visited 1 branch of the dungeon, and saw 3 of its levels.
You also visited: Sewer.

You collected 96 gold pieces.

Inventory:

Hand Weapons
 a - a +1 dagger (weapon)
Armour
 b - a +0 robe (worn)
Jewellery
 d - an amulet of reflection (around neck)
 j - a +6 ring of strength (left hand)
Scrolls
 i - a scroll of fog
 k - 3 scrolls of teleportation {@r4}
 n - a scroll of silence
Potions
 c - a potion of lignification {unknown}
 e - a potion of resistance
 g - a potion of might
 h - 2 potions of invisibility {unknown}
 l - 2 potions of curing {unknown}


   Skills:
 + Level 1.5 Fighting
 + Level 2.4 Short Blades
 - Level 2.1 Dodging
 - Level 2.9 Stealth
 + Level 3.1 Spellcasting


You couldn't memorise any spells.
You knew the following spells:

 Your Spells              Type           Power      Damage    Failure   Level
a - Corona                Hex            14%        N/A       4%          1
b - Ensorcelled Hibernat  Hex/Ice        26%        N/A       7%          2
c - Confusing Touch       Hex            13%        N/A       14%         3
d - Tukima's Dance        Hex            13%        N/A       14%         3
e - Dazzling Flash        Conj/Hex       26%        N/A       14%         3
f - Shock                 Conj/Air       52%        1d6       4%          1
g - Slow                  Hex            13%        N/A       7%          2
Your spell library was empty.

Dungeon Overview and Level Annotations

Branches:
Dungeon (3/15)              Sewer (1/1)

Altars:
Vehumet


Innate Abilities, Weirdness & Mutations

You are immune to sickness and miasma.
You are immune to poison.
Your flesh is very heat resistant. (rF++)
You are vulnerable to cold. (rC-)
You float through the air rather than walking.
You learn spells naturally, not from books.
Your magical power is your life essence.
You have superior vitality. (+4 HP)


Message History

You block the giant cockroach's attack.
You hit the giant cockroach.
You kill the giant cockroach!
Your magical contamination has completely faded away.
You see here a giant cockroach corpse.
A kobold comes into view. It is wielding a +0 whip.
The kobold shouts!
You block the kobold's attack.
There is an open door here.
You see here an adder corpse.
There is a glowing drain here.
The world spins around you as you enter the gateway.
You enter a sewer! 3 rats and 2 river rats come into view.
Found a gate leading back out of this place.
There is an empty arch of ancient stone here.
There is a gate leading back out of this place here.
You hit the rat but do no damage. You block the rat's attack.
You hit the rat but do no damage. The rat bites you.
* * * LOW HITPOINT WARNING * * *
You hit the rat.
The rat is heavily wounded.
You barely miss the rat.
The rat is heavily wounded.
The rat barely misses you.
It was a potion of resistance.
You feel protected. The rat bites you.
* * * LOW HITPOINT WARNING * * *
It was a potion of might.
You feel very mighty all of a sudden. The rat barely misses you.
You puncture the rat!
You kill the rat!
You closely miss the rat. The river rat bites you.
* * * LOW HITPOINT WARNING * * *
The rat bites you but does no damage.
It was a potion of magic.
Magic courses through your body. The river rat misses you. The rat bites you.
You die... ############### #...r@rrr.....≈ ###############

You could see 2 river rats and 2 rats.

Vanquished Creatures
  4 adders
  A worm (D:2)
  3 dart slugs (D:1)
  4 bats
  5 endoplasms
  8 giant cockroaches
  6 goblins
  4 hobgoblins
  6 jackals (D:2)
  2 quokkas
  7 ball pythons
  2 frilled lizards (D:1)
  8 kobolds
  5 rats
65 creatures vanquished.

Notes
Turn   | Place    | Note
-------+----------+-------------------------------------------
     0 | D:1      | freelancePsychic the Djinni Enchanter began the quest for
                  | the Orb.
     0 | D:1      | Reached XP level 1. HP: 15/15 MP: 0/0
    52 | D:1      | Reached skill level 1 in Short Blades
   325 | D:1      | Reached XP level 2. HP: 15/21 MP: 0/0
  1116 | D:1      | Reached XP level 3. HP: 20/25 MP: 0/0
  1116 | D:1      | Learned a level 1 spell: Shock
  2577 | D:2      | Reached XP level 4. HP: 24/31 MP: 0/0
  3638 | D:2      | Reached skill level 1 in Fighting
  3647 | D:2      | Reached skill level 3 in Spellcasting
  4044 | D:3      | Found a faded altar of an unknown god.
  4138 | D:3      | Found a glowing drain.
  4150 | D:3      | Reached XP level 5. HP: 22/37 MP: 0/0
  4150 | D:3      | Learned a level 2 spell: Slow
  4206 | Sewer    | Entered a sewer
  4217 | Sewer    | Slain by a rat

Illustrated notes

Levels and vault maps discovered:
D:1:      dpeg_arrival_connections, layout_loops_ring, nrook_loot_triangle,
          minivault_23, minmay_door_square, minmay_vboxes
D:2:      layout_basic, basic_altar, minmay_misc_feat_cross, grunt_ministairs_6
D:3:      layout_basic, marbit_many_paths, gup_sewer_entry_glass,
          shapermc_ecumenical_altar_venn, uniq_ijyb
Sewer:    sewer_kobolds

Skill      XL: |  1  2  3  4 |
---------------+-------------+-----
Short Blades   | 1 2 |  2.4
Fighting       | 1 |  1.5
Spellcasting   | 3 |  3.1
Dodging        | |  2.1
Stealth        | |  2.9

Action                   |  1- 3 |  4- 6 || total
-------------------------+-------+-------++-------
Melee: Dagger            |    66 |    57 ||   123
 Cast: Corona            |    10 |       ||    10
       Ensorcelled Hiber |    25 |    32 ||    57
       Shock             |     6 |     4 ||    10
  Use: Scroll            |     1 |     4 ||     5
       Potion            |       |     3 ||     3
 Stab: Sleeping          |    21 |    21 ||    42
Armor: Robe              |    14 |    12 ||    26
Dodge: Dodged            |    43 |    40 ||    83
Block: Other             |       |    12 ||    12

Table legend: (Time is in decaauts)
 A = Elapsed time spent in this place.
 B = Non-inter-level travel time spent in this place.
 C = Inter-level travel time spent in this place.
 D = Time resting spent in this place.
 E = Time spent auto-exploring this place.
 F = Levels seen in this place.
 G = Mean time per level.
                   A        B        C        D        E       F      G
               +--------+--------+--------+--------+--------+-----+--------+
         Total |   4205 |   4159 |     46 |      0 |   3598 |   4 | 1051.2 |
       Dungeon |   4195 |   4149 |     46 |      0 |   3598 |   3 | 1398.3 |
         Sewer |     10 |     10 |      0 |      0 |      0 |   1 |   10.0 |
               +--------+--------+--------+--------+--------+-----+--------+

Top non-repeatable levels by time:
     D:2: 2056 daAuts
     D:1: 1954 daAuts
     D:3: 184 daAuts
   Sewer: 10 daAuts
